 Dungeon Crawl Stone Soup version 0.30-a0-918-g0ff054e9dc (webtiles) character file.

Game seed: 17807549074425991608

141 Dittersdorf the Covered (level 5, 0/42 HPs)
             Began as a Human Fighter on Mar 20, 2023.
             Slain by a lemure (3 damage)
             ... led by Pikel
             ... on level 3 of the Dungeon.
             The game lasted 00:03:35 (2906 turns).

Dittersdorf the Covered (Human Fighter)             Turns: 2906, Time: 00:03:36

Health: 0/42       AC:  9    Str: 19    XL:     5   Next: 48%
Magic:  14/14      EV:  7    Int:  8    God:
Gold:   157        SH:  4    Dex: 12    Spells: 4/4 levels left

rFire   . . .      SeeInvis .    s - +8 falchion of Reason {flame, Will+ MP+9}
rCold   + . .      Faith    .    c - +0 buckler
rNeg    . . .      Spirit   .    u - +0 chain mail
rPois   .          Reflect  .    (no helmet)
rElec   .          Rampage  .    (no cloak)
rCorr   +                        (no gloves)
Will    +....                    (no boots) Stlth
                                 j - amulet of Rerulyn {Acrobat rCorr}
HPRegen 0.27/turn                i - ring of resist corrosion
MPRegen 0.14/turn                r - ring of protection from cold

@: no status effects
A: no striking features
a: no special abilities


You were on level 3 of the Dungeon.
You visited 1 branch of the dungeon, and saw 4 of its levels.

You collected 157 gold pieces.

Inventory:

Hand Weapons
 s - the +8 falchion of Reason (weapon) {flame, Will+ MP+9}
   (You found it on level 3 of the Dungeon)

   MP:        It affects your magic capacity (+9).
   Will:      It increases your willpower.
Missiles
 a - 6 poisoned darts (quivered)
Armour
 c - a +0 buckler (worn)
 u - a +0 chain mail (worn)
Jewellery
 i - a ring of resist corrosion (left hand)
 j - the amulet of Rerulyn (around neck) {Acrobat rCorr}
   (You found it on level 2 of the Dungeon)

   [amulet of the acrobat]

   It increases your evasion while moving and waiting.
   rCorr:     It protects you from acid and corrosion.
 r - a ring of protection from cold (right hand)
Scrolls
 l - 3 scrolls of immolation {unknown}
 m - 2 scrolls of teleportation {unknown}
 n - a scroll of torment {unknown}
 o - a scroll of amnesia {unknown}
 p - a scroll of enchant weapon {unknown}
 q - a scroll of noise {unknown}
 t - a scroll of vulnerability {unknown}
Potions
 d - a potion of might
 e - a potion of flight {unknown}
 f - 3 potions of heal wounds {unknown}
 h - 2 potions of invisibility {unknown}
 k - a potion of resistance {unknown}


   Skills:
 + Level 3.8 Fighting
 + Level 3.1 Long Blades
 + Level 3.8 Armour
 + Level 3.8 Shields


You had 4 spell levels left.
You didn't know any spells.
Your spell library contained the following spells:

 Spells                   Type           Power      Damage    Failure   Level
 Hailstorm                Conj/Ice       0%         3d3       100%        3
 Ice Form                 Ice/Tmut       0%         N/A       100%        4
 Simulacrum               Ice/Necr       0%         N/A       100%        6


Dungeon Overview and Level Annotations

Branches:
Dungeon (4/15)
 Temple: D:4-7

Altars:
Hepliaklqana
Wu Jian
Zin

Annotations:
D:4 3 runed translucent doors, AverageBear's ghost, amateur OpFi


Message History

You are too injured to fight recklessly!
You are too injured to fight recklessly!
You are too injured to fight recklessly!
You are too injured to fight recklessly!
You are too injured to fight recklessly!
You are too injured to fight recklessly!
You are too injured to fight recklessly!
You are too injured to fight recklessly!
You are too injured to fight recklessly!
You are too injured to fight recklessly!
You are too injured to fight recklessly!
You are too injured to fight recklessly!
You are too injured to fight recklessly!
You are too injured to fight recklessly!
You are too injured to fight recklessly!
You are too injured to fight recklessly!
You are too injured to fight recklessly!
You slash the lemure! You burn the lemure.
The lemure is heavily wounded.
The lemure hits you. x2
You closely miss the lemure.
The lemure is heavily wounded.
The lemure hits you!
* * * LOW HITPOINT WARNING * * *
The lemure barely misses you.
You hit the lemure but do no damage.
The lemure is heavily wounded.
You block the lemure's attack. The lemure hits you but does no damage.
You hit the lemure but do no damage.
The lemure is heavily wounded.
The lemure hits you but does no damage. The lemure barely misses you.
You hit the lemure. You burn the lemure.
The lemure is severely wounded.
The lemure barely misses you. x2
You hit the lemure. You burn the lemure.
The lemure is almost dead.
The lemure closely misses you. The lemure hits you.
* * * LOW HITPOINT WARNING * * *
The lemure hits you.
You die...

................##.#...##.###
......####..######.##.###.#
......# #..#### #....###.#
......# #.....# ####.....#
).....# #.....### #.#####
......####.....#.####.#
......#...............#
......#........55######
......#........#@#
......#........###
#######........# #........#
#........# #........#
##########


You could see 2 lemures.

Vanquished Creatures
  2 lemures (D:3)
  Jessica (D:2)
  4 adders
  2 worms
  4 orcs (D:3)
  6 ball pythons
  6 bats
  7 endoplasms
  3 giant cockroaches
  9 goblins
  7 hobgoblins
  6 jackals
  5 kobolds
  2 rats
64 creatures vanquished.

Notes
Turn   | Place    | Note
-------+----------+-------------------------------------------
     0 | D:1      | Dittersdorf the Human Fighter began the quest for the Orb.
     0 | D:1      | Reached XP level 1. HP: 18/18 MP: 1/1
   179 | D:1      | Reached XP level 2. HP: 19/24 MP: 2/2
   446 | D:1      | Found a faded altar of an unknown god.
   593 | D:1      | Reached XP level 3. HP: 29/29 MP: 3/3
   927 | D:2      | Identified the amulet of Rerulyn {Acrobat rCorr}
  1087 | D:2      | Noticed Jessica
  1088 | D:2      | Found a glowing silver altar of Zin.
  1095 | D:2      | Killed Jessica
  1096 | D:2      | Reached XP level 4. HP: 20/35 MP: 4/4
  1627 | D:2      | Reached XP level 5. HP: 35/42 MP: 5/5
  2005 | D:3      | Found an ornate altar of the Wu Jian Council.
  2107 | D:3      | Identified the +8 falchion of Reason {flame, Will+ MP+9}
  2406 | D:3      | Found a large runed translucent door.
  2407 | D:3      | Found a large runed translucent door.
  2702 | D:3      | Found a glowing silver altar of Zin.
  2708 | D:3      | Found a hazy altar of Hepliaklqana.
  2852 | D:4      | Found a runed translucent gate.
  2852 | D:4      | Found a runed translucent gate.
  2852 | D:4      | Found a runed translucent gate.
  2853 | D:4      | Noticed AverageBear's ghost (amateur OpFi)
  2855 | D:4      | Noticed a lemure
  2855 | D:4      | Noticed a lemure
  2855 | D:4      | Noticed a lemure
  2855 | D:4      | Noticed a lemure
  2891 | D:3      | Killed a lemure
  2900 | D:3      | Killed a lemure
  2906 | D:3      | Slain by a lemure

Illustrated notes

Levels and vault maps discovered:
D:1:      lightli_arrival_windingriver, layout_basic,
          hellmonk_ecumenical_altar_crossroads
D:2:      layout_basic, basic_altar, uniq_jessica
D:3:      layout_basic, nicolae_overflow_crystal_walls, jmf_multi_god_temple2
D:4:      layout_basic, gammafunk_ghost_split, uniq_pikel, uniq_menkaure

Skill      XL: |  1  2  3  4  5 |
---------------+----------------+-----
Long Blades    | 3 |  3.1
Fighting       | |  3.8
Armour         | |  3.8
Shields        | |  3.8

Action                     |  1- 3 |  4- 6 || total
---------------------------+-------+-------++-------
  Melee: Long sword        |    94 |    62 ||   156
         Falchion          |       |    52 ||    52
    Use: Scroll            |       |     1 ||     1
 Armour: Scale mail        |    57 |    43 ||   100
         Chain mail        |       |    21 ||    21
  Dodge: Dodged            |    62 |    75 ||   137
  Block: Buckler           |    28 |    29 ||    57

Table legend: (Time is in decaauts)
 A = Elapsed time spent in this place.
 B = Non-inter-level travel time spent in this place.
 C = Inter-level travel time spent in this place.
 D = Time resting spent in this place.
 E = Time spent auto-exploring this place.
 F = Levels seen in this place.
 G = Mean time per level.
                   A        B        C        D        E       F      G
               +--------+--------+--------+--------+--------+-----+--------+
         Total |   2974 |   2881 |     93 |    176 |   2055 |   4 |  743.5 |
       Dungeon |   2974 |   2881 |     93 |    176 |   2055 |   4 |  743.5 |
               +--------+--------+--------+--------+--------+-----+--------+

Top non-repeatable levels by time:
     D:2: 1093 daAuts
     D:3: 880 daAuts
     D:1: 868 daAuts
     D:4: 131 daAuts
